Sewer Rats vs Senators
Created - April 1, 2018 at 19:03
Goals
|
Sewer Rats |
1 |
0 |
1 |
2 |
Senators |
0 |
1 |
3 |
4 |
|
Shots
|
Sewer Rats |
6 |
9 |
15 |
30 |
Senators |
9 |
13 |
15 |
37 |
|
1st period
1. Sewer Rats , Jared Boll 30 (Joel Edmundson 16) at 7:26 (SH)
Penalties :
Jarred Tinordi (Tol) for Cross-checking (Minor) at 6:28, Stephane Da Costa (BIN) for Hooking (Minor) at 11:16, Jarred Tinordi (Tol) for Interference (Minor) at 19:22
2nd period
2. Senators , Arturs Kulda 1 (Gabriel Bourque 48, Stephane Da Costa 55) at 7:00
Penalties :
Joel Edmundson (Tol) for Hooking (Minor) at 2:59, Chris Thorburn (BIN) for Roughing (Minor) at 6:30, Ville Leino (Tol) for Goalie Interference (Minor) at 6:49, Matt Lashoff (Tol) for Hooking (Minor) at 10:11, Shane Prince (BIN) for Holding (Minor) at 14:13
3rd period
3. Senators , Arturs Kulda 2 (Ian Cole 44) at 5:17
4. Senators , Tommy Wingels 16 (Logan Stephenson 31, Matt Frattin 29) at 5:25
5. Senators , Gabriel Bourque 38 (Chris Thorburn 53, Arturs Kulda 5) at 13:17
6. Sewer Rats , Mark Mancari 35 (Ville Leino 63, Matt Lashoff 28) at 19:21
Penalties :
Gabriel Bourque (BIN) for Hooking (Minor) at 2:59, Jarred Tinordi (Tol) for Holding (Minor) at 6:25
Goalie Stats
Richard Bachman (Tol), 33 saves from 37 shots - (0.892), L, 20-19-0, 60:00 minutes
Brad Thiessen (BIN), 28 saves from 30 shots - (0.933), W, 32-18-3, 60:00 minutes
Players Stats for Sewer Rats
Player Name G A P +/- PIM S H SB GA TA FO MP PP MP PK MP
------------------------------------------------------------------------------------
Daniel Carr 0 0 0 0 0 0 0 1 0 0 0/0 6:20 0:10 0:09
Dmitrij Jaskin 0 0 0 0 0 1 0 0 0 0 0/0 5:31 0:00 0:00
Jared Boll 1 0 1 1 0 2 1 0 1 0 1/1 18:24 2:45 3:20
Jarred Tinordi 0 0 0 0 6 0 1 2 0 0 0/0 16:36 1:47 2:23
Joel Edmundson 0 1 1 0 2 0 2 1 0 0 0/0 18:11 2:18 3:27
John Ramage 0 0 0 -1 0 0 0 0 0 2 0/0 8:08 0:31 0:00
Jonathan Huberdeau 0 0 0 -3 0 1 0 0 1 0 0/2 12:50 0:10 0:41
Jonathan Marchessault 0 0 0 0 0 1 1 0 0 0 10/33 15:47 3:21 0:00
Jonathan Racine 0 0 0 -1 0 0 0 0 0 0 0/0 5:01 0:00 0:00
Mark Mancari 1 0 1 -1 0 5 1 0 1 0 1/1 23:39 3:21 6:13
Martin Frk 0 0 0 -2 0 3 0 0 0 0 0/0 10:35 0:00 0:00
Matt Lashoff 0 1 1 0 2 4 4 1 1 0 0/0 27:04 3:58 4:10
Nick Cousins 0 0 0 0 0 1 0 0 0 0 1/1 5:31 0:00 0:00
Ryan Murphy 0 0 0 -1 0 0 0 1 0 0 0/0 12:09 0:00 4:26
Steven Kampfer 0 0 0 0 0 1 2 3 1 1 0/0 28:17 3:58 5:25
Ville Leino 0 1 1 0 2 2 3 0 1 1 3/9 22:30 3:30 5:54
Vincent Trocheck 0 0 0 0 0 2 0 0 0 0 6/11 15:09 2:45 0:04
William Karlsson 0 0 0 -2 0 2 2 1 0 0 4/8 12:15 0:00 0:47
Xavier Ouellet 0 0 0 -1 0 0 0 0 0 0 0/0 5:39 0:00 0:37
Zach Boychuk 0 0 0 1 0 5 2 2 1 1 2/3 18:24 2:45 3:20
Players Stats for Senators
Player Name G A P +/- PIM S H SB GA TA FO MP PP MP PK MP
------------------------------------------------------------------------------------
Arturs Kulda 2 1 3 2 0 4 3 4 0 1 0/0 29:43 5:28 3:35
Chandler Stephenson 0 0 0 0 0 0 0 0 0 0 0/1 1:00 0:22 0:10
Chris Thorburn 0 1 1 0 2 4 2 1 0 1 2/2 20:48 5:12 1:02
Dylan Blujus 0 0 0 0 0 2 0 0 0 0 0/0 8:29 0:00 0:10
Freddie Hamilton 0 0 0 0 0 0 0 0 0 0 0/0 0:52 0:24 0:00
Gabriel Bourque 1 1 2 1 2 8 0 0 1 0 1/2 22:51 5:05 2:16
Ian Cole 0 1 1 2 0 0 3 3 0 1 0/0 28:32 5:28 3:35
Jarrod Maidens 0 0 0 0 0 0 0 0 0 0 1/1 2:17 0:01 1:54
Jeff Petry 0 0 0 0 0 2 0 1 0 1 0/0 21:48 4:46 2:31
Keegan Lowe 0 0 0 0 0 0 0 0 0 0 0/0 1:21 0:00 0:10
Logan Stephenson 0 1 1 0 0 3 1 1 1 0 0/0 21:48 4:46 2:31
Marc-André Bernier 0 0 0 0 0 2 0 0 0 0 0/0 9:17 0:00 0:00
Matt Frattin 0 1 1 1 0 2 0 1 0 0 0/0 16:15 4:47 0:00
Olli Maatta 0 0 0 0 0 2 0 0 0 1 0/0 8:19 0:00 0:00
Patrick Bordeleau 0 0 0 1 0 1 3 0 0 0 0/0 16:15 4:47 0:00
Phil Di Giuseppe 0 0 0 0 0 1 0 1 0 0 1/1 6:41 0:00 0:16
Ryan Dzingel 0 0 0 0 0 0 0 0 0 0 0/0 11:27 0:00 2:05
Shane Prince 0 0 0 0 2 1 0 0 0 1 1/3 9:19 0:00 0:00
Stephane Da Costa 0 1 1 1 2 2 3 0 1 1 28/38 23:14 5:17 2:31
Tomas Jurco 0 0 0 0 0 0 0 0 0 0 1/1 6:25 0:00 0:00
Tommy Wingels 1 0 1 1 0 2 1 1 2 0 6/16 17:38 4:47 1:02
Zemgus Girgensons 0 0 0 0 0 1 1 0 0 0 0/4 7:41 0:00 1:16
3 Stars
1 - Arturs Kulda (BIN)
2 - Ian Cole (BIN)
3 - Tommy Wingels (BIN)
Power Play
Sewer Rats - 0 on 4 Attempt(s) - 0.00%
Senators - 0 on 6 Attempt(s) - 0.00%
Penalty Kill
Sewer Rats - 6 on 6 Attempt(s) - 100.00%
- Score 1 goal in Penalty Kill
Senators - 4 on 4 Attempt(s) - 100.00%
- Score 0 goal in Penalty Kill
Team Stat
Sewer Rats - Hits : 19 - Faceoff Wins : 28 - Blocked Shots : 12 - Penalty Minutes : 12
Senators - Hits : 17 - Faceoff Wins : 41 - Blocked Shots : 13 - Penalty Minutes : 8
Official
Referees : Charron Francis and Jackson Dave
Linesman : Tony Sericolo and Brian Mach
Game Notes
No Game Note
Finance
Level 1 -- Attendance: 1447 (72.35%) -- Ticket Income $47,751
Level 2 -- Attendance: 786 (78.60%) -- Ticket Income $11,790
Total Attendance: 2233 (74.43%)
Total Ticket Income: $59,541
Other Income: $2,977
Total Income: $62,518
Sewer Rats
5 vs 5 Forward
Center Left Wing Right Wing Time % Phy DF OF
1 Jonathan Marchessault Ville Leino Mark Mancari 40 1 2 2
2 Vincent Trocheck Zach Boychuk Jared Boll 30 1 2 2
3 William Karlsson Jonathan Huberdeau Martin Frk 20 1 2 2
4 Nick Cousins Daniel Carr Dmitrij Jaskin 10 1 2 2
5 vs 5 Defense
Defense Defense Time % Phy DF OF
1 Matt Lashoff Steven Kampfer 40 1 2 2
2 Jarred Tinordi Joel Edmundson 30 1 2 2
3 John Ramage Ryan Murphy 20 1 2 2
4 Xavier Ouellet Jonathan Racine 10 1 2 2
PowerPlay Forward
Center Left Wing Right Wing Time % Phy DF OF
1 Jonathan Marchessault Ville Leino Mark Mancari 60 1 2 2
2 Vincent Trocheck Zach Boychuk Jared Boll 40 1 2 2
PowerPlay Defense
Defense Defense Time % Phy DF OF
1 Matt Lashoff Steven Kampfer 60 1 2 2
2 Jarred Tinordi Joel Edmundson 40 1 2 2
Penalty Kill 4 Players Forward
Center Wing Time % Phy DF OF
1 Ville Leino Mark Mancari 60 1 2 2
2 Zach Boychuk Jared Boll 40 1 2 2
Penalty Kill 4 Players Defense
Defense Defense Time % Phy DF OF
1 Matt Lashoff Steven Kampfer 60 1 2 2
2 Jarred Tinordi Joel Edmundson 40 1 2 2
Penalty Kill - 3 Players Forward
Forward Time % Phy DF OF
1 Ville Leino 60 1 2 2
2 Mark Mancari 40 1 2 2
Penalty Kill - 3 Players Defense
Defense Defense Time % Phy DF OF
1 Matt Lashoff Steven Kampfer 60 1 2 2
2 Jarred Tinordi Joel Edmundson 40 1 2 2
4 vs 4 Forward
Center Wing Time % Phy DF OF
1 Ville Leino Mark Mancari 60 1 2 2
2 Zach Boychuk Jared Boll 40 1 2 2
4 vs 4 Defense
Defense Defense Time % Phy DF OF
1 Matt Lashoff Steven Kampfer 60 1 2 2
2 Jarred Tinordi Joel Edmundson 40 1 2 2
Last Minutes Offensive
Center Left Wing Right Wing Defense Defense
Jonathan Marchessault Ville Leino Mark Mancari Matt Lashoff Steven Kampfer
Last Minutes Defensive
Center Left Wing Right Wing Defense Defense
Jonathan Marchessault Ville Leino Mark Mancari Matt Lashoff Steven Kampfer
Goaltenders
Starting : Richard Bachman
Backup : Marek Mazanek
Extra Forwards
Normal : Jonathan Huberdeau, Daniel Carr, William Karlsson - PP : Jonathan Huberdeau, Daniel Carr - PK : William Karlsson
Extra Defensemen
Normal : John Ramage, Ryan Murphy, Xavier Ouellet - PP : John Ramage - PK : Ryan Murphy, Xavier Ouellet
Penalty Shots
Ville Leino, Mark Mancari, Zach Boychuk, Jared Boll, Jonathan Huberdeau
Scratches
Connor Carrick (Healthy), Mattias Ekholm (Healthy), Josh Archibald (Healthy), Joseph Blandisi (Healthy), Chris Calhan (Healthy)
Tom Sestito (Healthy), Sergei Kostenko (Healthy)
Senators
5 vs 5 Forward
Center Left Wing Right Wing Time % Phy DF OF
1 Stephane Da Costa Gabriel Bourque Chris Thorburn 40 1 2 2
2 Tommy Wingels Patrick Bordeleau Matt Frattin 30 1 2 2
3 Shane Prince Ryan Dzingel Marc-André Bernier 20 1 2 2
4 Zemgus Girgensons Phil Di Giuseppe Tomas Jurco 10 1 2 2
5 vs 5 Defense
Defense Defense Time % Phy DF OF
1 Arturs Kulda Ian Cole 40 1 2 2
2 Logan Stephenson Jeff Petry 30 1 2 2
3 Olli Maatta Dylan Blujus 20 1 2 2
4 Keegan Lowe Arturs Kulda 10 1 2 2
PowerPlay Forward
Center Left Wing Right Wing Time % Phy DF OF
1 Stephane Da Costa Gabriel Bourque Chris Thorburn 60 1 2 2
2 Tommy Wingels Patrick Bordeleau Matt Frattin 40 1 2 2
PowerPlay Defense
Defense Defense Time % Phy DF OF
1 Arturs Kulda Ian Cole 60 1 2 2
2 Logan Stephenson Jeff Petry 40 1 2 2
Penalty Kill 4 Players Forward
Center Wing Time % Phy DF OF
1 Stephane Da Costa Gabriel Bourque 60 1 2 2
2 Chris Thorburn Tommy Wingels 40 1 2 2
Penalty Kill 4 Players Defense
Defense Defense Time % Phy DF OF
1 Arturs Kulda Ian Cole 60 1 2 2
2 Logan Stephenson Jeff Petry 40 1 2 2
Penalty Kill - 3 Players Forward
Forward Time % Phy DF OF
1 Stephane Da Costa 60 1 2 2
2 Gabriel Bourque 40 1 2 2
Penalty Kill - 3 Players Defense
Defense Defense Time % Phy DF OF
1 Arturs Kulda Ian Cole 60 1 2 2
2 Logan Stephenson Jeff Petry 40 1 2 2
4 vs 4 Forward
Center Wing Time % Phy DF OF
1 Stephane Da Costa Gabriel Bourque 60 1 2 2
2 Chris Thorburn Tommy Wingels 40 1 2 2
4 vs 4 Defense
Defense Defense Time % Phy DF OF
1 Arturs Kulda Ian Cole 60 1 2 2
2 Logan Stephenson Jeff Petry 40 1 2 2
Last Minutes Offensive
Center Left Wing Right Wing Defense Defense
Stephane Da Costa Gabriel Bourque Chris Thorburn Arturs Kulda Ian Cole
Last Minutes Defensive
Center Left Wing Right Wing Defense Defense
Stephane Da Costa Gabriel Bourque Chris Thorburn Arturs Kulda Ian Cole
Goaltenders
Starting : Brad Thiessen
Backup : Ben Bishop
Extra Forwards
Normal : Freddie Hamilton, Chandler Stephenson, Jarrod Maidens - PP : Freddie Hamilton, Chandler Stephenson - PK : Jarrod Maidens
Extra Defensemen
Normal : Olli Maatta, Dylan Blujus, Keegan Lowe - PP : Olli Maatta - PK : Dylan Blujus, Keegan Lowe
Penalty Shots
Stephane Da Costa, Gabriel Bourque, Chris Thorburn, Tommy Wingels, Matt Frattin
Scratches
Shane Sims (Sprained Right Ankle Injury), Matt Murray (Healthy), Matt Tomkins (Healthy)
% Time on Ice - Sewer Rats
Lines # - Real PCT - Wanted PCT - Time Play
Normal Forward
1 - 32% - 40% - 13:25
2 - 29% - 30% - 12:19
3 - 25% - 20% - 10:35
4 - 13% - 10% - 5:31
Normal Defense
1 - 43% - 40% - 17:52
2 - 27% - 30% - 11:20
3 - 18% - 20% - 7:37
4 - 12% - 10% - 5:01
PP Forward
1 - 56% - 60% - 3:31
2 - 44% - 40% - 2:45
PP Defense
1 - 72% - 60% - 4:29
2 - 28% - 40% - 1:47
PK Forward
1 - 67% - 60% - 6:54
2 - 33% - 40% - 3:20
PK Defense
1 - 53% - 60% - 5:25
2 - 47% - 40% - 4:49
PK3 Forward
1 - 0% - 60%
2 - 0% - 40%
PK3 Defense
1 - 0% - 60%
2 - 0% - 40%
44 Forward
1 - 100% - 60% - 1:40
2 - 0% - 40% - 0:00
44 Defense
1 - 62% - 60% - 1:02
2 - 38% - 40% - 0:38
Last Minute Offensive - 0:00
Last Minute Defensive - 0:00
Total
Forward - 60:00
Defense - 60:00
|
% Time on Ice - Senators
Lines # - Real PCT - Wanted PCT - Time Play
Normal Forward
1 - 35% - 40% - 14:36
2 - 28% - 30% - 11:32
3 - 22% - 20% - 9:17
4 - 15% - 10% - 6:25
Normal Defense
1 - 44% - 40% - 18:20
2 - 33% - 30% - 14:00
3 - 20% - 20% - 8:19
4 - 3% - 10% - 1:11
PP Forward
1 - 53% - 60% - 5:27
2 - 47% - 40% - 4:47
PP Defense
1 - 53% - 60% - 5:28
2 - 47% - 40% - 4:46
PK Forward
1 - 84% - 60% - 5:14
2 - 16% - 40% - 1:02
PK Defense
1 - 60% - 60% - 3:45
2 - 40% - 40% - 2:31
PK3 Forward
1 - 0% - 60%
2 - 0% - 40%
PK3 Defense
1 - 0% - 60%
2 - 0% - 40%
44 Forward
1 - 83% - 60% - 1:23
2 - 17% - 40% - 0:17
44 Defense
1 - 69% - 60% - 1:09
2 - 31% - 40% - 0:31
Last Minute Offensive - 0:00
Last Minute Defensive - 0:00
Total
Forward - 60:00
Defense - 60:00
|
Play by Play
1st period
0:01 of 1st period - Stephane Da Costa wins face-off versus Jonathan Marchessault in neutral zone.
1:45 of 1st period - Slapshot by Mark Mancari.
1:45 of 1st period - Deflect By Tommy Wingels.
1:45 of 1st period - Shot Misses the Net.
1:45 of 1st period - Puck is out of play.
1:46 of 1st period - Tommy Wingels wins face-off versus Vincent Trocheck in Senators zone.
2:16 of 1st period - Snap shot by Ville Leino.
2:16 of 1st period - Deflect By Mark Mancari.
2:16 of 1st period - Shot Blocked by Arturs Kulda.
2:16 of 1st period - Puck is out of play.
2:17 of 1st period - Chris Thorburn wins face-off versus William Karlsson in Senators zone.
2:26 of 1st period - William Karlsson is hit by Logan Stephenson and loses puck.
2:31 of 1st period - Wrist shot by Gabriel Bourque.
2:31 of 1st period - Shot Blocked by Matt Lashoff.
2:46 of 1st period - Icing by Gabriel Bourque.
2:47 of 1st period - Jonathan Marchessault wins face-off versus Shane Prince in Senators zone.
3:17 of 1st period - Snap shot by Tommy Wingels.
3:17 of 1st period - Deflect By Matt Frattin.
3:17 of 1st period - Shot Misses the Net.
3:17 of 1st period - Puck is out of play.
3:18 of 1st period - Vincent Trocheck wins face-off versus Tommy Wingels in Sewer Rats zone.
3:34 of 1st period - Wrist shot by Zach Boychuk.
3:34 of 1st period - Stopped by Brad Thiessen with a rebound.
6:16 of 1st period - Off-side.
6:17 of 1st period - Gabriel Bourque wins face-off versus Jonathan Marchessault in neutral zone.
6:28 of 1st period - Minor Penalty to Jarred Tinordi for Cross-checking.
6:29 of 1st period - Stephane Da Costa wins face-off versus Ville Leino in Sewer Rats zone.
7:26 of 1st period - Snap shot by Jared Boll.
7:26 of 1st period - Goal by Jared Boll - Sewer Rats : 1 - Senators : 0.
7:27 of 1st period - Ville Leino wins face-off versus Stephane Da Costa in neutral zone.
7:55 of 1st period - Joel Edmundson is hit by Patrick Bordeleau.
8:04 of 1st period - Icing by Jeff Petry.
8:05 of 1st period - Zach Boychuk wins face-off versus Tommy Wingels in Senators zone.
8:28 of 1st period - Penalty to Jarred Tinordi is over, Jarred Tinordi is back on ice.
8:30 of 1st period - Matt Lashoff is hit by Patrick Bordeleau and loses puck.
8:41 of 1st period - Snap shot by Matt Frattin.
8:41 of 1st period - Shot Misses the Net.
8:43 of 1st period - Snap shot by Patrick Bordeleau.
8:43 of 1st period - Stopped by Richard Bachman without a rebound.
8:44 of 1st period - Jonathan Marchessault wins face-off versus Stephane Da Costa in Sewer Rats zone.
8:57 of 1st period - Slapshot by Mark Mancari.
8:57 of 1st period - Shot Misses the Net.
9:18 of 1st period - Wrist shot by Shane Prince.
9:18 of 1st period - Stopped by Richard Bachman with a rebound.
9:38 of 1st period - Snap shot by Phil Di Giuseppe.
9:38 of 1st period - Shot Misses the Net.
10:46 of 1st period - Steven Kampfer is hit by Zemgus Girgensons and loses puck.
11:16 of 1st period - Minor Penalty to Stephane Da Costa for Hooking.
11:17 of 1st period - Jarrod Maidens wins face-off versus Jonathan Marchessault in Senators zone.
11:25 of 1st period - Jeff Petry is hit by Steven Kampfer and loses puck.
11:47 of 1st period - Gabriel Bourque is hit by Zach Boychuk and loses puck.
13:16 of 1st period - Penalty to Stephane Da Costa is over, Stephane Da Costa is back on ice.
14:02 of 1st period - Logan Stephenson is hit by Matt Lashoff and loses puck.
14:19 of 1st period - Slapshot by Logan Stephenson.
14:19 of 1st period - Shot Misses the Net.
14:21 of 1st period - Backhand shot by Logan Stephenson.
14:21 of 1st period - Stopped by Richard Bachman with a rebound.
14:45 of 1st period - Vincent Trocheck is hit by Arturs Kulda and loses puck.
15:00 of 1st period - Slapshot by Phil Di Giuseppe.
15:00 of 1st period - Stopped by Richard Bachman with a rebound.
15:12 of 1st period - Wrist shot by Mark Mancari.
15:12 of 1st period - Stopped by Brad Thiessen without a rebound.
15:13 of 1st period - Tommy Wingels wins face-off versus Jonathan Marchessault in Senators zone.
15:26 of 1st period - Mark Mancari is hit by Ian Cole and loses puck.
15:42 of 1st period - Wrist shot by Gabriel Bourque.
15:42 of 1st period - Stopped by Richard Bachman with a rebound.
16:00 of 1st period - Slapshot by Logan Stephenson.
16:00 of 1st period - Stopped by Richard Bachman with a rebound.
16:02 of 1st period - Wrist shot by Tomas Jurco.
16:02 of 1st period - Shot Hit the Post.
16:04 of 1st period - Slapshot by Logan Stephenson.
16:04 of 1st period - Stopped by Richard Bachman without a rebound.
16:05 of 1st period - Stephane Da Costa wins face-off versus Jonathan Marchessault in Sewer Rats zone.
16:06 of 1st period - Snap shot by Gabriel Bourque.
16:06 of 1st period - Shot Misses the Net.
16:37 of 1st period - Slapshot by Jonathan Huberdeau.
16:37 of 1st period - Stopped by Brad Thiessen without a rebound.
16:38 of 1st period - Jonathan Marchessault wins face-off versus Stephane Da Costa in Senators zone.
16:49 of 1st period - Matt Lashoff is hit by Chris Thorburn and loses puck.
17:10 of 1st period - Snap shot by Martin Frk.
17:10 of 1st period - Stopped by Brad Thiessen without a rebound.
17:11 of 1st period - Stephane Da Costa wins face-off versus William Karlsson in Senators zone.
17:16 of 1st period - Ryan Murphy is hit by Stephane Da Costa and loses puck.
17:48 of 1st period - Slapshot by Logan Stephenson.
17:48 of 1st period - Deflect By Matt Frattin.
17:48 of 1st period - Stopped by Richard Bachman with a rebound.
18:18 of 1st period - Wrist shot by Phil Di Giuseppe.
18:18 of 1st period - Deflect By Zemgus Girgensons.
18:18 of 1st period - Shot Misses the Net.
18:18 of 1st period - Puck is out of play.
18:19 of 1st period - Vincent Trocheck wins face-off versus Zemgus Girgensons in Sewer Rats zone.
18:28 of 1st period - Wrist shot by Zach Boychuk.
18:28 of 1st period - Stopped by Brad Thiessen without a rebound.
18:29 of 1st period - Stephane Da Costa wins face-off versus Jonathan Marchessault in Senators zone.
18:36 of 1st period - Steven Kampfer is hit by Ian Cole and loses puck.
18:45 of 1st period - Wrist shot by Gabriel Bourque.
18:45 of 1st period - Shot Misses the Net.
18:59 of 1st period - Slapshot by Arturs Kulda.
18:59 of 1st period - Stopped by Richard Bachman without a rebound.
19:00 of 1st period - Vincent Trocheck wins face-off versus Tommy Wingels in Sewer Rats zone.
19:16 of 1st period - Wrist shot by Matt Frattin.
19:16 of 1st period - Shot Misses the Net.
19:22 of 1st period - Minor Penalty to Jarred Tinordi for Interference.
19:23 of 1st period - Ville Leino wins face-off versus Stephane Da Costa in Sewer Rats zone.
19:33 of 1st period - Off-side.
19:34 of 1st period - Stephane Da Costa wins face-off versus Ville Leino in neutral zone.
Goals for this period are 1 for Sewer Rats vs 0 for Senators.
Shots for this period are 6 for Sewer Rats vs 9 for Senators.
2nd period
0:01 of 2nd period - Stephane Da Costa wins face-off versus Ville Leino in neutral zone.
0:16 of 2nd period - Snap shot by Chris Thorburn.
0:16 of 2nd period - Shot Misses the Net.
0:35 of 2nd period - Snap shot by Logan Stephenson.
0:35 of 2nd period - Shot Blocked by Steven Kampfer.
1:22 of 2nd period - Penalty to Jarred Tinordi is over, Jarred Tinordi is back on ice.
2:04 of 2nd period - Snap shot by Phil Di Giuseppe.
2:04 of 2nd period - Shot Misses the Net.
2:06 of 2nd period - Slapshot by Zemgus Girgensons.
2:06 of 2nd period - Shot Misses the Net.
2:08 of 2nd period - Slapshot by Dylan Blujus.
2:08 of 2nd period - Stopped by Richard Bachman with a rebound.
2:10 of 2nd period - Snap shot by Olli Maatta.
2:10 of 2nd period - Deflect By Vincent Trocheck.
2:10 of 2nd period - Stopped by Richard Bachman with a rebound.
2:22 of 2nd period - Wrist shot by Marc-André Bernier.
2:22 of 2nd period - Shot Blocked by Zach Boychuk.
2:38 of 2nd period - Slapshot by Zach Boychuk.
2:38 of 2nd period - Stopped by Brad Thiessen without a rebound.
2:39 of 2nd period - Stephane Da Costa wins face-off versus Jonathan Marchessault in Senators zone.
2:39 of 2nd period - Stephane Da Costa is hit by Mark Mancari.
2:42 of 2nd period - Gabriel Bourque is hit by Ville Leino and loses puck.
2:53 of 2nd period - Slapshot by Chris Thorburn.
2:53 of 2nd period - Stopped by Richard Bachman with a rebound.
2:59 of 2nd period - Minor Penalty to Joel Edmundson for Hooking.
3:00 of 2nd period - Stephane Da Costa wins face-off versus Ville Leino in Sewer Rats zone.
3:29 of 2nd period - Jared Boll is hit by Ian Cole and loses puck.
3:48 of 2nd period - Jeff Petry is hit by Jarred Tinordi and loses puck.
3:53 of 2nd period - Wrist shot by Zach Boychuk.
3:53 of 2nd period - Shot Misses the Net.
4:59 of 2nd period - Penalty to Joel Edmundson is over, Joel Edmundson is back on ice.
5:11 of 2nd period - Snap shot by Ryan Dzingel.
5:11 of 2nd period - Shot Misses the Net.
5:31 of 2nd period - Snap shot by Mark Mancari.
5:31 of 2nd period - Stopped by Brad Thiessen with a rebound.
5:33 of 2nd period - Snap shot by Mark Mancari.
5:33 of 2nd period - Stopped by Brad Thiessen without a rebound.
5:34 of 2nd period - William Karlsson wins face-off versus Zemgus Girgensons in Senators zone.
6:09 of 2nd period - Slapshot by Ian Cole.
6:09 of 2nd period - Deflect By Matt Frattin.
6:09 of 2nd period - Shot Blocked by Zach Boychuk.
6:09 of 2nd period - Puck is out of play.
6:10 of 2nd period - Stephane Da Costa wins face-off versus Vincent Trocheck in Sewer Rats zone.
6:15 of 2nd period - Snap shot by Chris Thorburn.
6:15 of 2nd period - Stopped by Richard Bachman without a rebound.
6:16 of 2nd period - Chris Thorburn wins face-off versus Vincent Trocheck in Sewer Rats zone.
6:30 of 2nd period - Minor Penalty to Chris Thorburn for Roughing.
6:31 of 2nd period - Stephane Da Costa wins face-off versus Jonathan Marchessault in Senators zone.
6:42 of 2nd period - Off-side.
6:43 of 2nd period - Stephane Da Costa wins face-off versus Jonathan Marchessault in neutral zone.
6:46 of 2nd period - Slapshot by Ian Cole.
6:46 of 2nd period - Deflect By Gabriel Bourque.
6:46 of 2nd period - Shot Misses the Net.
6:46 of 2nd period - Puck is out of play.
6:47 of 2nd period - Jonathan Marchessault wins face-off versus Stephane Da Costa in Sewer Rats zone.
6:49 of 2nd period - Minor Penalty to Ville Leino for Goalie Interference.
6:50 of 2nd period - Stephane Da Costa wins face-off versus Jonathan Huberdeau in Sewer Rats zone.
6:52 of 2nd period - Snap shot by Gabriel Bourque.
6:52 of 2nd period - Stopped by Richard Bachman with a rebound.
6:54 of 2nd period - Snap shot by Stephane Da Costa.
6:54 of 2nd period - Stopped by Richard Bachman with a rebound.
6:56 of 2nd period - Wrist shot by Stephane Da Costa.
6:56 of 2nd period - Stopped by Richard Bachman with a rebound.
6:58 of 2nd period - Wrist shot by Gabriel Bourque.
6:58 of 2nd period - Shot Blocked by Steven Kampfer.
7:00 of 2nd period - Slapshot by Arturs Kulda.
7:00 of 2nd period - Goal by Arturs Kulda - Sewer Rats : 1 - Senators : 1.
7:01 of 2nd period - Stephane Da Costa wins face-off versus Jonathan Huberdeau in neutral zone.
7:12 of 2nd period - Snap shot by Gabriel Bourque.
7:12 of 2nd period - Stopped by Richard Bachman with a rebound.
7:14 of 2nd period - Wrist shot by Gabriel Bourque.
7:14 of 2nd period - Shot Misses the Net.
7:16 of 2nd period - Snap shot by Gabriel Bourque.
7:16 of 2nd period - Shot Misses the Net.
7:47 of 2nd period - Slapshot by William Karlsson.
7:47 of 2nd period - Stopped by Brad Thiessen with a rebound.
7:49 of 2nd period - Slapshot by Joel Edmundson.
7:49 of 2nd period - Deflect By William Karlsson.
7:49 of 2nd period - Stopped by Brad Thiessen with a rebound.
8:18 of 2nd period - Icing by Jonathan Huberdeau.
8:19 of 2nd period - William Karlsson wins face-off versus Chandler Stephenson in Sewer Rats zone.
8:30 of 2nd period - Penalty to Chris Thorburn is over, Chris Thorburn is back on ice.
8:49 of 2nd period - Penalty to Ville Leino is over, Ville Leino is back on ice.
9:23 of 2nd period - Slapshot by Stephane Da Costa.
9:23 of 2nd period - Shot Misses the Net.
9:25 of 2nd period - Snap shot by Chris Thorburn.
9:25 of 2nd period - Stopped by Richard Bachman with a rebound.
9:27 of 2nd period - Slapshot by Jeff Petry.
9:27 of 2nd period - Stopped by Richard Bachman with a rebound.
9:29 of 2nd period - Wrist shot by Gabriel Bourque.
9:29 of 2nd period - Stopped by Richard Bachman without a rebound.
9:30 of 2nd period - William Karlsson wins face-off versus Tommy Wingels in Sewer Rats zone.
9:47 of 2nd period - Tommy Wingels is hit by Matt Lashoff and loses puck.
10:11 of 2nd period - Minor Penalty to Matt Lashoff for Hooking.
10:12 of 2nd period - Stephane Da Costa wins face-off versus Ville Leino in Sewer Rats zone.
10:41 of 2nd period - Icing by Logan Stephenson.
10:42 of 2nd period - Zach Boychuk wins face-off versus Tommy Wingels in Senators zone.
10:47 of 2nd period - Backhand shot by Jared Boll.
10:47 of 2nd period - Stopped by Brad Thiessen with a rebound.
12:11 of 2nd period - Penalty to Matt Lashoff is over, Matt Lashoff is back on ice.
12:21 of 2nd period - Slapshot by Nick Cousins.
12:21 of 2nd period - Stopped by Brad Thiessen without a rebound.
12:22 of 2nd period - Nick Cousins wins face-off versus Shane Prince in Senators zone.
12:25 of 2nd period - Wrist shot by Dmitrij Jaskin.
12:25 of 2nd period - Shot Blocked by Logan Stephenson.
12:35 of 2nd period - Snap shot by Marc-André Bernier.
12:35 of 2nd period - Deflect By Shane Prince.
12:35 of 2nd period - Shot Blocked by Daniel Carr.
12:35 of 2nd period - Puck is out of play.
12:36 of 2nd period - Stephane Da Costa wins face-off versus Jonathan Marchessault in Sewer Rats zone.
13:11 of 2nd period - Patrick Bordeleau is hit by Matt Lashoff and loses puck.
13:28 of 2nd period - Daniel Carr is hit by Patrick Bordeleau and loses puck.
13:35 of 2nd period - Wrist shot by Tommy Wingels.
13:35 of 2nd period - Deflect By Patrick Bordeleau.
13:35 of 2nd period - Shot Misses the Net.
13:35 of 2nd period - Puck is out of play.
13:36 of 2nd period - Stephane Da Costa wins face-off versus Ville Leino in Sewer Rats zone.
13:43 of 2nd period - Snap shot by Gabriel Bourque.
13:43 of 2nd period - Shot Blocked by Ryan Murphy.
13:51 of 2nd period - Snap shot by Jonathan Marchessault.
13:51 of 2nd period - Stopped by Brad Thiessen without a rebound.
13:52 of 2nd period - Stephane Da Costa wins face-off versus Zach Boychuk in Senators zone.
14:13 of 2nd period - Minor Penalty to Shane Prince for Holding.
14:14 of 2nd period - Stephane Da Costa wins face-off versus Jonathan Marchessault in Senators zone.
14:51 of 2nd period - Logan Stephenson is hit by Zach Boychuk and loses puck.
16:02 of 2nd period - Steven Kampfer is hit by Chris Thorburn and loses puck.
16:13 of 2nd period - Penalty to Shane Prince is over, Shane Prince is back on ice.
16:36 of 2nd period - Icing by Jonathan Huberdeau.
16:37 of 2nd period - Shane Prince wins face-off versus William Karlsson in Sewer Rats zone.
16:48 of 2nd period - Wrist shot by Marc-André Bernier.
16:48 of 2nd period - Stopped by Richard Bachman without a rebound.
16:49 of 2nd period - Vincent Trocheck wins face-off versus Stephane Da Costa in Sewer Rats zone.
17:16 of 2nd period - Tommy Wingels is hit by Ville Leino and loses puck.
18:55 of 2nd period - Ian Cole is hit by William Karlsson and loses puck.
19:26 of 2nd period - Snap shot by Jared Boll.
19:26 of 2nd period - Shot Blocked by Ian Cole.
19:28 of 2nd period - Snap shot by Vincent Trocheck.
19:28 of 2nd period - Stopped by Brad Thiessen without a rebound.
19:29 of 2nd period - Jonathan Marchessault wins face-off versus Stephane Da Costa in Senators zone.
19:40 of 2nd period - Snap shot by Ville Leino.
19:40 of 2nd period - Shot Misses the Net.
Goals for this period are 0 for Sewer Rats vs 1 for Senators.
Shots for this period are 9 for Sewer Rats vs 13 for Senators.
3rd period
0:01 of 3rd period - Stephane Da Costa wins face-off versus Jonathan Marchessault in neutral zone.
0:10 of 3rd period - Snap shot by Gabriel Bourque.
0:10 of 3rd period - Stopped by Richard Bachman without a rebound.
0:11 of 3rd period - Stephane Da Costa wins face-off versus Jonathan Marchessault in Sewer Rats zone.
0:12 of 3rd period - Snap shot by Gabriel Bourque.
0:12 of 3rd period - Shot Misses the Net.
0:24 of 3rd period - Snap shot by Jonathan Marchessault.
0:24 of 3rd period - Shot Misses the Net.
0:26 of 3rd period - Slapshot by Matt Lashoff.
0:26 of 3rd period - Stopped by Brad Thiessen without a rebound.
0:27 of 3rd period - Vincent Trocheck wins face-off versus Tommy Wingels in Senators zone.
0:28 of 3rd period - Wrist shot by Zach Boychuk.
0:28 of 3rd period - Shot Blocked by Arturs Kulda.
0:46 of 3rd period - Joel Edmundson is hit by Arturs Kulda and loses puck.
1:39 of 3rd period - Jeff Petry is hit by Matt Lashoff and loses puck.
1:44 of 3rd period - Slapshot by Matt Lashoff.
1:44 of 3rd period - Deflect By Logan Stephenson.
1:44 of 3rd period - Stopped by Brad Thiessen with a rebound.
1:48 of 3rd period - Slapshot by Dmitrij Jaskin.
1:48 of 3rd period - Stopped by Brad Thiessen without a rebound.
1:49 of 3rd period - Stephane Da Costa wins face-off versus Jonathan Marchessault in Senators zone.
2:00 of 3rd period - Snap shot by Matt Lashoff.
2:00 of 3rd period - Stopped by Brad Thiessen without a rebound.
2:01 of 3rd period - Stephane Da Costa wins face-off versus Jonathan Marchessault in Senators zone.
2:01 of 3rd period - Stephane Da Costa is hit by Ville Leino.
2:09 of 3rd period - Slapshot by Jonathan Marchessault.
2:09 of 3rd period - Deflect By Mark Mancari.
2:09 of 3rd period - Shot Blocked by Ian Cole.
2:09 of 3rd period - Puck is out of play.
2:10 of 3rd period - Stephane Da Costa wins face-off versus Jonathan Marchessault in Senators zone.
2:10 of 3rd period - Stephane Da Costa is hit by Jonathan Marchessault.
2:18 of 3rd period - Slapshot by Arturs Kulda.
2:18 of 3rd period - Shot Blocked by Steven Kampfer.
2:40 of 3rd period - Wrist shot by Ville Leino.
2:40 of 3rd period - Shot Blocked by Ian Cole.
2:42 of 3rd period - Slapshot by Steven Kampfer.
2:42 of 3rd period - Stopped by Brad Thiessen without a rebound.
2:43 of 3rd period - Tommy Wingels wins face-off versus Vincent Trocheck in Senators zone.
2:48 of 3rd period - Wrist shot by Zach Boychuk.
2:48 of 3rd period - Stopped by Brad Thiessen without a rebound.
2:49 of 3rd period - Jared Boll wins face-off versus Tommy Wingels in Senators zone.
2:50 of 3rd period - Slapshot by Zach Boychuk.
2:50 of 3rd period - Stopped by Brad Thiessen with a rebound.
2:52 of 3rd period - Slapshot by Joel Edmundson.
2:52 of 3rd period - Shot Blocked by Tommy Wingels.
2:54 of 3rd period - Wrist shot by Zach Boychuk.
2:54 of 3rd period - Shot Misses the Net.
2:56 of 3rd period - Slapshot by Zach Boychuk.
2:56 of 3rd period - Deflect By Vincent Trocheck.
2:56 of 3rd period - Shot Misses the Net.
2:56 of 3rd period - Puck is out of play.
2:57 of 3rd period - Stephane Da Costa wins face-off versus Jonathan Marchessault in Senators zone.
2:59 of 3rd period - Minor Penalty to Gabriel Bourque for Hooking.
3:00 of 3rd period - Stephane Da Costa wins face-off versus Jonathan Marchessault in Senators zone.
3:49 of 3rd period - Slapshot by Matt Lashoff.
3:49 of 3rd period - Stopped by Brad Thiessen without a rebound.
3:50 of 3rd period - Jonathan Marchessault wins face-off versus Zemgus Girgensons in Senators zone.
3:57 of 3rd period - Jeff Petry is hit by Joel Edmundson and loses puck.
4:58 of 3rd period - Ian Cole is hit by Jared Boll and loses puck.
4:59 of 3rd period - Penalty to Gabriel Bourque is over, Gabriel Bourque is back on ice.
5:17 of 3rd period - Wrist shot by Arturs Kulda.
5:17 of 3rd period - Goal by Arturs Kulda - Sewer Rats : 1 - Senators : 2.
5:18 of 3rd period - Tommy Wingels wins face-off versus Jonathan Marchessault in neutral zone.
5:25 of 3rd period - Snap shot by Tommy Wingels.
5:25 of 3rd period - Goal by Tommy Wingels - Sewer Rats : 1 - Senators : 3.
5:26 of 3rd period - Jonathan Marchessault wins face-off versus Stephane Da Costa in neutral zone.
5:38 of 3rd period - Icing by Arturs Kulda.
5:39 of 3rd period - Jonathan Marchessault wins face-off versus Stephane Da Costa in Senators zone.
6:12 of 3rd period - Wrist shot by Jared Boll.
6:12 of 3rd period - Shot Misses the Net.
6:25 of 3rd period - Minor Penalty to Jarred Tinordi for Holding.
6:26 of 3rd period - Ville Leino wins face-off versus Tommy Wingels in Sewer Rats zone.
6:26 of 3rd period - Ville Leino is hit by Tommy Wingels.
6:57 of 3rd period - Snap shot by Gabriel Bourque.
6:57 of 3rd period - Stopped by Richard Bachman with a rebound.
8:25 of 3rd period - Penalty to Jarred Tinordi is over, Jarred Tinordi is back on ice.
8:38 of 3rd period - Wrist shot by Zemgus Girgensons.
8:38 of 3rd period - Stopped by Richard Bachman without a rebound.
8:39 of 3rd period - Phil Di Giuseppe wins face-off versus Vincent Trocheck in Sewer Rats zone.
9:50 of 3rd period - Wrist shot by Tommy Wingels.
9:50 of 3rd period - Stopped by Richard Bachman with a rebound.
9:58 of 3rd period - Ian Cole is hit by Joel Edmundson and loses puck.
10:24 of 3rd period - Wrist shot by Matt Frattin.
10:24 of 3rd period - Stopped by Richard Bachman with a rebound.
11:04 of 3rd period - Snap shot by Gabriel Bourque.
11:04 of 3rd period - Deflect By Chris Thorburn.
11:04 of 3rd period - Shot Misses the Net.
11:04 of 3rd period - Puck is out of play.
11:05 of 3rd period - Vincent Trocheck wins face-off versus Gabriel Bourque in Sewer Rats zone.
11:05 of 3rd period - Vincent Trocheck is hit by Stephane Da Costa.
12:06 of 3rd period - Jonathan Huberdeau is hit by Stephane Da Costa and loses puck.
12:15 of 3rd period - Snap shot by Gabriel Bourque.
12:15 of 3rd period - Stopped by Richard Bachman with a rebound.
12:51 of 3rd period - Wrist shot by Martin Frk.
12:51 of 3rd period - Shot Blocked by Chris Thorburn.
13:03 of 3rd period - Snap shot by Chris Thorburn.
13:03 of 3rd period - Stopped by Richard Bachman with a rebound.
13:11 of 3rd period - Wrist shot by Gabriel Bourque.
13:11 of 3rd period - Shot Blocked by William Karlsson.
13:13 of 3rd period - Slapshot by Arturs Kulda.
13:13 of 3rd period - Stopped by Richard Bachman with a rebound.
13:15 of 3rd period - Snap shot by Chris Thorburn.
13:15 of 3rd period - Shot Misses the Net.
13:17 of 3rd period - Snap shot by Gabriel Bourque.
13:17 of 3rd period - Goal by Gabriel Bourque - Sewer Rats : 1 - Senators : 4.
13:18 of 3rd period - Jonathan Marchessault wins face-off versus Tommy Wingels in neutral zone.
13:23 of 3rd period - Snap shot by Mark Mancari.
13:23 of 3rd period - Deflect By Ville Leino.
13:23 of 3rd period - Shot Blocked by Matt Frattin.
13:23 of 3rd period - Puck is out of play.
13:24 of 3rd period - Tommy Wingels wins face-off versus Jonathan Marchessault in Senators zone.
14:10 of 3rd period - Slapshot by Steven Kampfer.
14:10 of 3rd period - Shot Blocked by Phil Di Giuseppe.
14:50 of 3rd period - Wrist shot by Marc-André Bernier.
14:50 of 3rd period - Stopped by Richard Bachman with a rebound.
14:52 of 3rd period - Slapshot by Dylan Blujus.
14:52 of 3rd period - Shot Blocked by Jarred Tinordi.
14:54 of 3rd period - Slapshot by Olli Maatta.
14:54 of 3rd period - Shot Misses the Net.
14:56 of 3rd period - Slapshot by Dylan Blujus.
14:56 of 3rd period - Stopped by Richard Bachman with a rebound.
14:58 of 3rd period - Slapshot by Olli Maatta.
14:58 of 3rd period - Deflect By Joel Edmundson.
14:58 of 3rd period - Stopped by Richard Bachman without a rebound.
14:59 of 3rd period - Jonathan Marchessault wins face-off versus Tommy Wingels in Sewer Rats zone.
15:03 of 3rd period - Off-side.
15:04 of 3rd period - Tommy Wingels wins face-off versus Jonathan Marchessault in neutral zone.
15:19 of 3rd period - Slapshot by Matt Frattin.
15:19 of 3rd period - Shot Misses the Net.
15:51 of 3rd period - Wrist shot by Shane Prince.
15:51 of 3rd period - Shot Blocked by Jarred Tinordi.
16:17 of 3rd period - Snap shot by Daniel Carr.
16:17 of 3rd period - Shot Blocked by Arturs Kulda.
16:40 of 3rd period - Snap shot by Ville Leino.
16:40 of 3rd period - Stopped by Brad Thiessen with a rebound.
16:55 of 3rd period - Snap shot by Vincent Trocheck.
16:55 of 3rd period - Stopped by Brad Thiessen without a rebound.
16:56 of 3rd period - Stephane Da Costa wins face-off versus Jonathan Marchessault in Senators zone.
17:05 of 3rd period - Slapshot by Ville Leino.
17:05 of 3rd period - Shot Blocked by Jeff Petry.
17:07 of 3rd period - Snap shot by Jonathan Marchessault.
17:07 of 3rd period - Deflect By Mark Mancari.
17:07 of 3rd period - Stopped by Brad Thiessen with a rebound.
17:09 of 3rd period - Snap shot by Jonathan Marchessault.
17:09 of 3rd period - Deflect By Mark Mancari.
17:09 of 3rd period - Shot Misses the Net.
17:09 of 3rd period - Puck is out of play.
17:10 of 3rd period - Stephane Da Costa wins face-off versus Jonathan Marchessault in Senators zone.
17:10 of 3rd period - Stephane Da Costa is hit by Steven Kampfer.
18:23 of 3rd period - Wrist shot by Ville Leino.
18:23 of 3rd period - Deflect By Logan Stephenson.
18:23 of 3rd period - Stopped by Brad Thiessen with a rebound.
18:37 of 3rd period - Wrist shot by Nick Cousins.
18:37 of 3rd period - Shot Misses the Net.
19:08 of 3rd period - Slapshot by Logan Stephenson.
19:08 of 3rd period - Shot Blocked by Joel Edmundson.
19:10 of 3rd period - Slapshot by Jeff Petry.
19:10 of 3rd period - Stopped by Richard Bachman without a rebound.
19:11 of 3rd period - Mark Mancari wins face-off versus Stephane Da Costa in Sewer Rats zone.
19:11 of 3rd period - Mark Mancari is hit by Arturs Kulda.
19:21 of 3rd period - Snap shot by Mark Mancari.
19:21 of 3rd period - Goal by Mark Mancari - Sewer Rats : 2 - Senators : 4.
19:22 of 3rd period - William Karlsson wins face-off versus Zemgus Girgensons in neutral zone.
19:30 of 3rd period - Slapshot by Martin Frk.
19:30 of 3rd period - Stopped by Brad Thiessen without a rebound.
19:31 of 3rd period - Tomas Jurco wins face-off versus William Karlsson in Senators zone.
19:46 of 3rd period - Phil Di Giuseppe is hit by William Karlsson and loses puck.
19:55 of 3rd period - Snap shot by Martin Frk.
19:55 of 3rd period - Shot Blocked by Arturs Kulda.
19:57 of 3rd period - Slapshot by Martin Frk.
19:57 of 3rd period - Stopped by Brad Thiessen with a rebound.
19:59 of 3rd period - Slapshot by Steven Kampfer.
19:59 of 3rd period - Deflect By William Karlsson.
19:59 of 3rd period - Shot Misses the Net.
19:59 of 3rd period - Puck is out of play.
Goals for this period are 1 for Sewer Rats vs 3 for Senators.
Shots for this period are 15 for Sewer Rats vs 15 for Senators.
Back to the Top